 Dungeon Crawl Stone Soup version 0.29.1-12-g30fa7ad0bf (webtiles) character file.

Game seed: 13958590171871974691

228 MacCMillion the Digger (level 6, -1/32 HPs)
             Began as a Gargoyle Earth Elementalist on Dec 12, 2022.
             Slain by Pikel
             ... wielding a +2 whip of freezing
              (4 damage)
             ... on level 4 of the Dungeon.
             The game lasted 00:06:08 (3425 turns).

MacCMillion the Digger (GrEE)                       Turns: 3425, Time: 00:06:09

Health: -1/32      AC:  6    Str: 12    XL:     6   Next: 2%
Magic:  0/11       EV: 12    Int: 17    God:
Gold:   179        SH:  0    Dex: 10    Spells: 7/11 levels left

rFire   . . .      SeeInvis .   c - +0 dagger
rCold   . . .      Faith    .   (no shield)
rNeg    + . .      Spirit   .   a - +0 robe
rPois   ∞          Reflect  .   (no helmet)
rElec   +          Harm     .   (no cloak)
rCorr   .          Rampage  .   (no gloves)
Will    .....                   (no boots)
Stlth   ++........              (no amulet)
HPRegen 0.10/turn               (no ring)
MPRegen 0.12/turn               (no ring)

@: no status effects
A: sickness immunity, AC +4, negative energy resistance 1, electricity
resistance, torment resistance 1, petrification resistance
a: no special abilities


You were on level 4 of the Dungeon.
You visited 1 branch of the dungeon, and saw 4 of its levels.

You collected 179 gold pieces.

Inventory:

Hand Weapons
 c - a +0 dagger (weapon)
Armour
 a - a +0 robe (worn)
 g - a +0 kite shield
Jewellery
 k - an amulet of regeneration
Scrolls
 d - a scroll of vulnerability {unknown}
 e - 3 scrolls of immolation {unknown}
 f - 2 scrolls of identify {unknown}
 p - a scroll of enchant weapon {unknown}
Potions
 b - a potion of magic
 h - a potion of lignification {unknown}
 i - 3 potions of curing
 j - 2 potions of attraction {unknown}
 l - a potion of berserk rage {unknown}
 m - 2 potions of flight {unknown}
 n - a potion of degeneration {unknown}
 o - a potion of heal wounds {unknown}
 q - a potion of mutation {unknown}


   Skills:
 - Level 1.7 Dodging
 - Level 2.3 Stealth
 + Level 3.3 Spellcasting
 + Level 1.5 Conjurations
 - Level 1.0 Transmutations
 + Level 6.3 Earth Magic


You had 7 spell levels left.
You knew the following spells:

 Your Spells              Type           Power      Damage    Failure   Level
a - Sandblast             Erth           48%        2d12      1%          1
b - Stone Arrow           Conj/Erth      32%        3d9       10%         3

Your spell library contained the following spells:

 Spells                   Type           Power      Damage    Failure   Level
 Passwall                 Tmut/Erth      12%        N/A       5%          2
 Petrify                  Tmut/Erth      15%        N/A       36%         4


Dungeon Overview and Level Annotations

Branches:
Dungeon (4/15)
 Temple: D:4-7

Altars:
Makhleb

Shops:
D:4 ?

Annotations:
D:4 Pikel


Innate Abilities, Weirdness & Mutations

You are immune to sickness and miasma.
Your stone body is resilient. (AC +4)
You are immune to poison.
You resist negative energy. (rN+)
You are resistant to electric shocks. (rElec)
You are resistant to unholy torment.
You are immune to petrification.


Message History

Casting: Stone Arrow (quite dangerous; 10% risk of failure)
Confirm with . or Enter, or press ? or * to list all spells.
You don't have enough magic to cast this spell.
Unknown command.
The blast of sand misses Pikel.
Pikel says, "Hell isn't that bad."
Pikel hits you with a +2 whip of freezing.
Pikel freezes you.
The blast of sand misses Pikel.
Pikel closely misses you.
You are out of magic!
The blast of sand hits Pikel.
Pikel is almost dead.
Pikel hits you with a +2 whip of freezing.
Pikel freezes you.
Pikel says, "I knew I should've brought a map."
Pikel misses you.
Unknown command.
You closely miss Pikel.
Pikel is almost dead.
Pikel hits you with a +2 whip of freezing!
Pikel freezes you.
You barely miss Pikel.
Pikel is almost dead.
Pikel barely misses you.
Unknown command.
You barely miss Pikel.
Pikel is almost dead.
Pikel barely misses you.
Unknown command.
You hit Pikel but do no damage.
Pikel is almost dead.
Pikel hits you with a +2 whip of freezing!
* * * LOW HITPOINT WARNING * * *
Pikel freezes you.
* * * LOW HITPOINT WARNING * * *
Unknown command.
You hit Pikel but do no damage.
Pikel is almost dead.
Pikel hits you with a +2 whip of freezing.
You die...

##### ########....
#55.555...
#5########### #
#K#.....)...# .#
#@#.#######.# .#
#.#.#.....#.#..#
#.#.#.###.#.#..#
##.#.#.#∩#.#.#..#
#..#.#...#.#.#.....
#..#.#####.#.#.....
#..#.......#.# ....
#..#########.# ....
#............# ...


You could see Pikel and 3 lemures.

Vanquished Creatures
  2 orc priests (D:2)
  2 orc wizards (D:4)
  4 adders
  2 worms
  A dart slug (D:2)
  13 orcs
  5 ball pythons
  3 endoplasms (D:1)
  2 giant cockroaches
  2 hobgoblins
  5 jackals (D:1)
  5 quokkas
  4 bats
  2 frilled lizards
  3 goblins
  9 kobolds
  3 rats
67 creatures vanquished.

Notes
Turn   | Place    | Note
-------+----------+-------------------------------------------
     0 | D:1      | MacCMillion the Gargoyle Earth Elementalist began the quest
                  | for the Orb.
     0 | D:1      | Reached XP level 1. HP: 10/10 MP: 3/3
    94 | D:1      | Reached skill level 1 in Transmutations
    94 | D:1      | Reached XP level 2. HP: 13/15 MP: 0/5
   244 | D:1      | Found a faded altar of an unknown god.
   515 | D:1      | Reached skill level 4 in Earth Magic
   801 | D:1      | Reached XP level 3. HP: 19/19 MP: 4/6
   964 | D:2      | Reached XP level 4. HP: 21/24 MP: 2/8
   980 | D:2      | Reached skill level 5 in Earth Magic
  1552 | D:2      | Reached XP level 5. HP: 28/28 MP: 7/9
  2056 | D:3      | Found a burning altar of Makhleb.
  2056 | D:3      | Noticed a green death
  2169 | D:3      | Reached skill level 6 in Earth Magic
  2234 | D:3      | Learned a level 3 spell: Stone Arrow
  3046 | D:4      | Reached skill level 1 in Conjurations
  3057 | D:4      | Reached XP level 6. HP: 32/32 MP: 1/11
  3305 | D:4      | Found Piotitom's Magic Scroll Shop.
  3330 | D:4      | Noticed Pikel
  3425 | D:4      | Slain by Pikel

Illustrated notes

Levels and vault maps discovered:
D:1:      dpeg_arrival_simpleton_c, layout_loops_cross,
          ebering_ecumenical_altar_sacrificial, minmay_crystal_water
D:2:      layout_loops_ring
D:3:      layout_basic, makhleb_altar_promises_db, kennysheep_another_room
D:4:      layout_rooms, nicolae_inconvenience_store, nrook_campfire, uniq_pikel

Skill      XL: |  1  2  3  4  5 |
---------------+----------------+-----
Transmutations | 1 |  1.0
Earth Magic    | 4 5 6 |  6.3
Spellcasting   | 3 |  3.3
Conjurations   | 1 |  1.5
Dodging        | |  1.7
Stealth        | |  2.3

Action                   |  1- 3 |  4- 6 || total
-------------------------+-------+-------++-------
Melee: Dagger            |    12 |     8 ||    20
 Cast: Sandblast         |    36 |    71 ||   107
       Stone Arrow       |       |     3 ||     3
Armor: Robe              |     9 |     4 ||    13
Dodge: Dodged            |    22 |    14 ||    36
